 Dungeon Crawl Stone Soup version 0.26-a0-771-g060e6a62af (webtiles) character file.

Game seed: 673171560746280358

69 Queen the Shield-Bearer (level 4, 0/29 HPs)
             Began as a Gargoyle Fighter on Nov 8, 2020.
             Was an Initiate of Makhleb.
             Slain by Pikel
             ... wielding a +1 whip of freezing
              (1 damage)
             ... on level 2 of the Dungeon.
             The game lasted 00:06:38 (2555 turns).

Queen the Shield-Bearer (Gargoyle Fighter)          Turns: 2555, Time: 00:06:38

Health: 0/29       AC: 10    Str: 20    XL:     4   Next: 20%
Magic:  4/4        EV:  7    Int:  9    God:    Makhleb [......]
Gold:   139        SH:  9    Dex:  9    Spells: 3/3 levels left

rFire    . . .     SeeInvis .   a - +0 flail
rCold    . . .     Faith    .   c - +0 kite shield
rNeg     + . .     Spirit   .   b - +0 scale mail
rPois    ∞         Reflect  .   (no helmet)
rElec    +         Harm     .   (no cloak)
rCorr    .         Rampage  .   (no gloves)
MR       .....                  (no boots)
Stlth    ..........             (no amulet)
HPRegen  0.09/turn              i - ring of wizardry
MPRegen  0.09/turn              (no ring)

@: mighty
A: negative energy resistance 1, electricity resistance, unbreathing,
petrification resistance, rot immunity, AC +3
a: Renounce Religion


You were on level 2 of the Dungeon.
You worshipped Makhleb.
Makhleb was noncommittal.
You visited 1 branch of the dungeon, and saw 4 of its levels.

You collected 139 gold pieces.

Inventory:

Hand Weapons
 a - a +0 flail (weapon)
Armour
 b - a +0 scale mail (worn)
 c - a +0 kite shield (worn)
Jewellery
 i - a ring of wizardry (left hand)
Scrolls
 m - a scroll of fear {unknown}
 n - a scroll of magic mapping {unknown}
 p - a scroll of immolation {unknown}
Potions
 e - 3 potions of curing {unknown}
 f - a potion of ambrosia {unknown}
 g - 2 potions of cancellation {unknown}
 j - 2 potions of flight {unknown}


   Skills:
 + Level 3.7 Fighting
 * Level 2.9 Maces & Flails
 + Level 3.8 Armour
 - Level 4.0 Shields


You had 3 spell levels left.
You didn't know any spells.
Your spell library was empty.

Dungeon Overview and Level Annotations

Branches:
Dungeon (4/15)
 Temple: D:4-7

Altars:
Hepliaklqana
Kikubaaqudgha
Makhleb
Sif Muna
Uskayaw

Shops:
D:4 (

Annotations:
D:2 Pikel


Innate Abilities, Weirdness & Mutations

You are resistant to torment.
Your stone body is resilient. (AC +3)
You are immune to poison.
You resist negative energy. (rN+)
You are resistant to electric shocks. (rElec)
You can survive without breathing.
You are immune to petrification.
You are immune to rotting.


Message History

Pikel freezes you.
* * * LOW HITPOINT WARNING * * *
You miss Pikel.
Pikel is moderately wounded.
Pikel hits you with a +1 whip of freezing.
* * * LOW HITPOINT WARNING * * *
Pikel freezes you.
* * * LOW HITPOINT WARNING * * *
You barely miss Pikel.
Pikel is moderately wounded.
You block Pikel's attack. x2
Your scale mail prevents you from hitting Pikel.
Pikel is moderately wounded.
Pikel hits you but does no damage.
You sock Pikel!
Pikel is heavily wounded.
Pikel hits you with a +1 whip of freezing.
* * * LOW HITPOINT WARNING * * *
Pikel freezes you.
You die...

#...##################....##
#...........................
#...##############.........#
##.## #......# #.........# #.#
#......## #.........# #.#
#.[.....####.........# #.#
#..................... #.#
#..............###.#.. #.#
#...K@........####...# #.#
###.###.............## #.#
#..#######....###..## #.#
##..........#.## ##..#
####.####...#########..# ##.#
###..........###########.#####.#
#.....).....................##.#
######.#####.############.......
##.# #.# ##..###.


You could see Pikel.

Vanquished Creatures
  2 adders
  An ooze (D:3)
  A dart slug (D:2)
  3 leopard geckos
  8 bats
  3 giant cockroaches
  2 goblins
  6 hobgoblins
  4 jackals
  5 kobolds
  2 ball pythons (D:1)
  2 rats (D:1)
39 creatures vanquished.

Notes
Turn   | Place    | Note
-------+----------+-------------------------------------------
     0 | D:1      | Queen the Gargoyle Fighter began the quest for the Orb.
     0 | D:1      | Reached XP level 1. HP: 14/14 MP: 1/1
   171 | D:1      | Reached XP level 2. HP: 19/19 MP: 2/2
   844 | D:2      | Reached XP level 3. HP: 20/23 MP: 3/3
  1057 | D:2      | Found a shimmering blue altar of Sif Muna.
  1057 | D:2      | Found a hazy altar of Hepliaklqana.
  1064 | D:2      | Found an ancient bone altar of Kikubaaqudgha.
  1066 | D:2      | Found a hide-covered altar of Uskayaw.
  1068 | D:2      | Found a burning altar of Makhleb.
  1276 | D:3      | You fall into a shaft and drop 1 floor!
  1277 | D:4      | Found Filuypn's Weapon Emporium.
  1288 | D:4      | Noticed a lemure
  1288 | D:4      | Noticed Pikel
  1290 | D:4      | Noticed a lemure
  1290 | D:4      | Noticed a lemure
  1295 | D:3      | Reached skill level 4 in Shields
  1295 | D:3      | Reached XP level 4. HP: 24/29 MP: 4/4
  1694 | D:3      | Found a faded altar of an unknown god.
  1791 | D:2      | Became a worshipper of Makhleb the Destroyer
  2555 | D:2      | HP: 1/29 [Pikel/+1 whip of freezing (1)]
  2555 | D:2      | Slain by Pikel

Illustrated notes

Levels and vault maps discovered:
D:1:      dpeg_cavernosity, layout_basic
D:2:      lemuel_upstairs_altar, layout_rooms,
          chequers_temple_overflow_minitemple, kennysheep_generic_room_12
D:3:      layout_basic, chequers_ecumenical_altar_simple_redux
D:4:      layout_basic, serial_shops, shop, kennysheep_little_box, uniq_pikel

Skill      XL: |  1  2  3 |
---------------+----------+-----
Shields        | 4 |  4.0
Fighting       | |  3.7
Maces & Flails | |  2.9
Armour         | |  3.8

Action                   |  1- 3 |  4- 6 || total
-------------------------+-------+-------++-------
Melee: Flail             |   120 |    71 ||   191
  Use: Scroll            |     3 |       ||     3
       Potion            |       |     1 ||     1
Armor: Scale mail        |    96 |    28 ||   124
Dodge: Dodged            |    37 |    20 ||    57
Block: Kite shield       |    74 |    24 ||    98

Table legend: (Time is in decaauts)
 A = Elapsed time spent in this place.
 B = Non-inter-level travel time spent in this place.
 C = Inter-level travel time spent in this place.
 D = Time resting spent in this place.
 E = Time spent auto-exploring this place.
 F = Levels seen in this place.
 G = Mean time per level.
                   A        B        C        D        E       F      G
               +--------+--------+--------+--------+--------+-----+--------+
         Total |   2622 |   2448 |    174 |    447 |   1459 |   4 |  655.5 |
       Dungeon |   2622 |   2448 |    174 |    447 |   1459 |   4 |  655.5 |
               +--------+--------+--------+--------+--------+-----+--------+

Top non-repeatable levels by time:
     D:2: 1130 daAuts
     D:1: 781 daAuts
     D:3: 692 daAuts
     D:4: 17 daAuts
